Map: 어비설 리프 - 래더

Players

DnS - Winner!

  • Race: Protoss Protoss
  • Spawn Location: 11:00

Xaoras

  • Race: Zerg Zerg
  • Spawn Location: 5:00

Event: IEM XI Katowice - World Championship 2017

VOD

Have the link to the VOD?

Description

Time

  • Played on: Feb. 27, 2017, 5:05 a.m.
  • Length: 13:15

All games in this series

Show
View Real Time Build Order
Export as new Build Order

DnS Protoss - Winner!

Build Orders: 1 Gate Expand, Zealot Archon, Dark Templar Rush 

Get SALT Encoding   

  12  0:00  Probe (Chrono Boost)  
  13  0:11  Probe (Chrono Boost)  
  14  0:18  Pylon  
  14  0:22  Probe (Chrono Boost)  
  15  0:36  Probe (Chrono Boost)  
  15  0:39  Gateway  
  16  0:46  Probe (Chrono Boost)  
  17  0:54  Pylon  
  18  0:57  Probe (Chrono Boost)  
  18  0:59  Assimilator  
  18  1:07  Probe (Chrono Boost)  
  19  1:24  Nexus  
  19  1:27  Probe (Chrono Boost)  
  20  1:37  Cybernetics Core  
  20  1:40  Probe (Chrono Boost)  
  20  1:46  Assimilator  
  21  1:51  Probe (Chrono Boost)  
  22  1:57  Pylon  
  22  2:01  Probe (Chrono Boost)  
  23  2:13  Adept  
  23  2:16  Warp Gate  
  23  2:17  Probe (Chrono Boost)  
  26  2:29  Probe (Chrono Boost)  
  28  2:37  Mothership Core (Chrono Boost)  
  28  2:40  Probe (Chrono Boost)  
  31  2:44  Adept  
  31  2:49  Twilight Council  
  31  2:50  Probe (Chrono Boost)  
  32  2:55  Probe (Chrono Boost)  
  33  3:01  Probe (Chrono Boost)  
  34  3:06  Probe (Chrono Boost)  
  34  3:11  Probe (Chrono Boost)  
  36  3:16  Probe (Chrono Boost)  
  36  3:18  Robotics Facility  
  37  3:22  Probe (Chrono Boost)  
  39  3:27  Probe (Chrono Boost)  
  39  3:32  Probe (Chrono Boost)  
  40  3:36  Pylon  
  40  3:37  Probe (Chrono Boost)  
  41  3:42  Dark Shrine  
  41  3:43  Probe (Chrono Boost)  
  41  3:48  Probe (Chrono Boost)  
  43  3:51  Gateway  
  43  3:52  Gateway  
  43  3:53  Probe (Chrono Boost)  
  43  3:55  Gateway  
  44  4:00  Probe (Chrono Boost)  
  45  4:08  Probe (Chrono Boost)  
  46  4:11  Warp Prism  
  46  4:16  Probe (Chrono Boost)  
  48  4:19  Assimilator  
  48  4:20  Probe (Chrono Boost)  
  48  4:21  Assimilator  
  49  4:26  Pylon  
  49  4:28  Probe (Chrono Boost)  
  49  4:30  Probe (Chrono Boost)  
  51  4:35  Nexus  
  51  4:40  Probe (Chrono Boost)  
  51  4:41  Probe (Chrono Boost)  
  53  4:49  Pylon  
  53  4:52  Probe (Chrono Boost)  
  55  4:53  Probe (Chrono Boost)  
  55  4:58  Pylon  
  55  5:02  Probe (Chrono Boost)  
  55  5:04  Probe (Chrono Boost)  
  57  5:08  Dark Templar x3  
  57  5:10  Dark Templar  
  57  5:13  Observer, Probe (Chrono Boost)  
  67  5:15  Probe (Chrono Boost)  
  68  5:24  Probe (Chrono Boost)  
  68  5:26  Probe (Chrono Boost)  
  70  5:34  Probe (Chrono Boost)  
  71  5:36  Probe (Chrono Boost)  
  71  5:45  Probe (Chrono Boost)  
  71  5:46  Immortal  
  73  5:50  Probe (Chrono Boost)  
  73  5:52  Forge  
  73  5:55  Probe (Chrono Boost), Sentry x2  
  73  5:56  Sentry x2  
  86  6:00  Charge  
  86  6:01  Pylon  
  86  6:02  Pylon  
  86  6:03  Probe (Chrono Boost), Archon  
  87  6:04  Archon  
  87  6:05  Pylon  
  87  6:06  Probe (Chrono Boost)  
  87  6:07  Probe (Chrono Boost)  
  87  6:09  Pylon  
  89  6:17  Protoss Ground Weapons Level 1, Probe x2 (Chrono Boost)  
  89  6:18  Probe (Chrono Boost)  
  92  6:19  Assimilator  
  92  6:21  Assimilator  
  92  6:23  Stalker x2  
  96  6:29  Probe (Chrono Boost)  
  96  6:32  Immortal  
  97  6:35  Probe (Chrono Boost)  
  97  6:37  Probe (Chrono Boost)  
  104  6:41  Probe (Chrono Boost)  
  105  6:47  Probe (Chrono Boost)  
  105  6:49  Probe (Chrono Boost)  
  106  6:56  Gateway  
  106  6:58  Gateway  
  106  7:01  Gateway  
  106  7:03  Gateway  
  106  7:04  Photon Cannon  
  106  7:05  Probe (Chrono Boost)  
  106  7:06  Immortal  
  107  7:09  Pylon  
  111  7:18  Dark Templar x2  
  111  7:19  Dark Templar  
  111  7:21  Dark Templar  
  119  7:28  Archon x2  
  119  7:32  Pylon  
  119  7:35  Photon Cannon  
  119  7:38  Pylon  
  119  7:41  Immortal  
  119  7:50  Photon Cannon  
  123  7:52  Pylon  
  123  7:54  Dark Templar x2  
  123  7:55  Zealot x4  
  123  7:56  Protoss Ground Weapons Level 2  
  135  7:59  Pylon  
  135  8:00  Archon  
  135  8:08  Zealot x2  
  139  8:15  Immortal  
  137  8:24  Zealot x3  
  147  8:28  Nexus  
  147  8:31  Pylon  
  146  8:35  Zealot x5  
  156  8:47  Nexus  
  156  8:50  Pylon  
  150  8:55  Dark Templar x2  
  150  8:56  Dark Templar  
  150  9:00  Pylon  
  150  9:01  Pylon x2  
  156  9:03  Pylon  
  156  9:08  Archon  
  152  9:12  Pylon  
  152  9:15  Zealot x2  
  152  9:16  Zealot x2  
  160  9:17  Immortal  
  164  9:27  Zealot, Photon Cannon  
  164  9:30  Pylon  
  166  9:35  Dark Templar x2  
  170  9:39  Archon  
  170  9:41  Zealot x4  
  170  9:42  Zealot  
  175  9:51  Immortal  
  171  10:01  Gateway  
  171  10:02  Gateway  
  171  10:04  Dark Templar x3  
  169  10:09  Archon  
  165  10:14  Protoss Ground Weapons Level 3  
  161  10:27  Immortal  
  161  10:29  Dark Templar x2  
  161  10:30  Zealot x3  
  159  10:46  Templar Archives  
  159  10:48  Dark Templar x2  
  159  10:49  Dark Templar  
  163  10:54  Assimilator  
  163  10:55  Assimilator  
  163  10:56  Probe x3 (Chrono Boost)  
  166  11:00  Archon  
  166  11:02  Immortal  
  166  11:07  Archon  
  166  11:08  Dark Templar x4  
  166  11:09  Dark Templar  
  166  11:10  Blink  
  180  11:14  Archon x3  
  180  11:20  Gateway  
  180  11:21  Gateway  
  180  11:22  Gateway  
  178  11:33  Dark Templar x2  
  178  11:34  Zealot x3  
  178  11:36  Warp Prism  
  178  11:39  Archon  
  190  11:52  Zealot  
  192  11:55  Zealot x3, Dark Templar  
  192  12:01  Nexus  
  200  12:04  Pylon  
  182  12:08  Zealot x5  
  160  12:16  Zealot x3  
  164  12:23  High Templar x4  
  164  12:27  Archon x2  
  172  12:37  Zealot x3  
  172  12:38  Zealot x2  
  180  12:49  Zealot x4  
  160  13:01  Zealot x5  
  160  13:02  Zealot x4  
Show
View Real Time Build Order
Export as new Build Order

Xaoras Zerg 

Build Orders: Hatch First 

Get SALT Encoding   

  12  0:00  Drone  
  13  0:12  Overlord  
  13  0:17  Drone  
  14  0:23  Extractor  
  14  0:24  Drone  
  15  0:31  Drone  
  15  0:34  Drone  
  17  0:52  Drone  
  18  0:59  Hatchery  
  17  1:05  Extractor  
  17  1:07  Drone  
  17  1:15  Spawning Pool  
  17  1:18  Drone  
  17  1:22  Drone  
  18  1:32  Drone  
  19  1:39  Overlord  
  19  1:50  Drone  
  20  2:01  Queen  
  20  2:02  Zergling x2  
  20  2:07  Metabolic Boost  
  23  2:10  Queen  
  23  2:11  Drone  
  23  2:13  Drone  
  27  2:23  Drone  
  28  2:31  Drone  
  28  2:32  Drone  
  30  2:43  Hatchery  
  30  2:44  Drone  
  30  2:51  Zergling x2  
  30  2:52  Zergling x2  
  30  2:54  Pneumatized Carapace  
  32  3:00  Drone  
  32  3:02  Overlord  
  32  3:20  Drone  
  32  3:21  Drone x6  
  39  3:27  Evolution Chamber  
  39  3:29  Baneling Nest  
  37  3:35  Drone  
  37  3:36  Drone  
  39  3:46  Lair  
  39  3:49  Roach Warren  
  39  3:51  Drone x3  
  42  3:58  Drone x2  
  42  3:59  Drone x2  
  46  4:02  Extractor  
  45  4:15  Queen  
  45  4:18  Overlord, Drone x3  
  47  4:28  Zergling x4  
  47  4:29  Overlord x2  
  49  4:31  Spore Crawler  
  49  4:32  Spore Crawler x2  
  46  4:47  Roach x4  
  46  4:48  Roach x2  
  46  4:50  Roach  
  60  4:57  Queen  
  62  5:00  Overseer  
  62  5:01  Roach  
  62  5:02  Roach  
  62  5:04  Drone  
  62  5:05  Drone  
  62  5:06  Drone  
  69  5:18  Overlord  
  67  5:26  Drone x3  
  68  5:30  Drone x5  
  68  5:31  Overlord  
  68  5:32  Overlord  
  73  5:35  Glial Reconstitution  
  73  5:36  Zerg Missile Weapons Level 1  
  72  5:44  Overlord  
  72  5:49  Overlord x2  
  71  5:51  Drone  
  71  5:52  Drone x4  
  71  5:53  Drone  
  77  6:02  Drone x2  
  77  6:03  Hydralisk Den, Drone x2  
  81  6:04  Extractor, Drone  
  81  6:05  Extractor  
  81  6:06  Overlord  
  81  6:10  Drone x2  
  81  6:11  Drone  
  82  6:17  Overlord  
  82  6:31  Overlord  
  82  6:33  Extractor  
  79  6:51  Queen  
  82  6:54  Overlord, Drone x3  
  82  6:56  Hydralisk x7, Muscular Augments  
  98  7:01  Drone x3  
  101  7:11  Hydralisk x3  
  107  7:18  Overlord  
  107  7:22  Hydralisk x3  
  113  7:27  Queen, Overlord  
  113  7:28  Extractor  
  114  7:31  Hydralisk x2  
  118  7:44  Hydralisk x2  
  118  7:45  Roach x4  
  118  7:47  Zergling x10  
  135  8:01  Hydralisk x3, Roach  
  135  8:02  Roach x3  
  135  8:04  Zergling x6  
  152  8:31  Zerg Missile Weapons Level 2  
  152  8:33  Hydralisk  
  152  8:34  Infestation Pit  
  153  8:36  Hatchery  
  149  8:59  Overseer, Overlord  
  148  9:13  Hydralisk x2, Hive, Roach  
  148  9:15  Overlord x5  
  154  9:28  Overlord  
  154  9:32  Hydralisk x2, Roach  
  154  9:33  Hydralisk x6, Roach x3  
  154  9:34  Roach x4  
  165  9:54  Hydralisk x5  
  165  9:55  Roach x5  
  169  10:07  Hydralisk x4, Roach  
  169  10:08  Roach x2  
  165  10:14  Hydralisk  
  165  10:15  Roach  
  153  10:23  Hydralisk x3  
  153  10:24  Roach x2  
  159  10:31  Hydralisk  
  159  10:32  Roach  
  163  10:41  Viper  
  160  10:57  Roach x3  
  160  10:58  Roach x3  
  160  11:03  Hatchery  
  171  11:36  Hydralisk x6, Roach  
  171  11:37  Overlord x2, Roach x4  
  152  12:11  Hydralisk x7, Roach  
  152  12:12  Roach x6  
  146  12:22  Hydralisk x2  
  128  12:23  Roach x2  
  128  12:26  Hydralisk x2  
  128  12:27  Roach  
  128  12:28  Roach  
  138  12:34  Hydralisk  
  138  12:35  Roach x2  
  143  12:46  Zergling x6  

Tags
 
Add a new tag
Caveats
  • Supply blocks, unpowered buildings, or Contaminate may cause inaccurate times.
  • Supply counts are checked every 10 seconds.